 Dungeon Crawl Stone Soup version 0.31.0-9-g3a7656b989 (webtiles) character file.

Game seed: 6315858738434309832

77 qw the Shooter (level 4, -3/22 HPs)
             Began as a Spriggan Hunter on Feb 2, 2024.
             Slain by Terence
             ... wielding a +0 short sword
              (5 damage)
             ... on level 2 of the Dungeon.
             The game lasted 00:00:03 (665 turns).

qw the Shooter (Spriggan Hunter)                     Turns: 665, Time: 00:00:03

Health: -3/22      AC:  2    Str:  7    XL:     4   Next: 14%
Magic:  5/5        EV: 19    Int: 10    God:
Gold:   33         SH:  0    Dex: 20    Spells: 3/3 levels left

rFire   . . .        a - +0 shortbow
rCold   . . .        (shield currently unavailable)
rNeg    . . .        c - +0 robe
rPois   .            (helmet restricted)
rElec   .            (no cloak)
rCorr   .            (gloves unavailable)
SInv    +            (boots unavailable)
Will    .....        (no amulet)
Stlth   ++           (no ring)
HPRegen 0.23/turn    (no ring)
MPRegen 0.09/turn

%: no passive effects
@: lethally poisoned (-3 -> -4), very quick
A: very small, no large weapons, unfitting armour, see invisible, speed 3
a: no special abilities


You were on level 2 of the Dungeon.
You visited 1 branch of the dungeon, and saw 2 of its levels.

You collected 33 gold pieces.


Innate Abilities, Weirdness & Mutations

You are very small and have problems with some larger weapons.
You are too small for most types of armour.
You have supernaturally acute eyesight. (SInv)
You cover ground extremely quickly. (Speed+++)


   Skills:
 - Level 1.5 Fighting
 - Level 5.0 Ranged Weapons
 + Level 4.4 Dodging
 - Level 1.5 Stealth


You had 3 spell levels left.
You didn't know any spells.
Your spell library was empty.

Inventory:

Hand Weapons
 a - a +0 shortbow (weapon)
Armour
 c - a +0 robe (worn)
Scrolls
 d - a scroll of identify
Potions
 b - a potion of curing {unknown}
 e - a potion of mutation {unknown}

Dungeon Overview and Level Annotations

Branches:
Dungeon (2/15)

Altars:

Annotations:
D:2 Terence


Message History

You shoot an arrow. The arrow hits the adder.
The adder hisses angrily.
The adder is moderately wounded.
You shoot an arrow. The arrow barely misses the adder.
The bat closely misses you. The adder barely misses you.
You shoot an arrow. The arrow misses the adder.
The bat hits you but does no damage. The adder misses you.
You shoot an arrow. The arrow closely misses the adder.
The arrow barely misses Terence.
The bat hits you but does no damage. The adder misses you.
The bat barely misses you. The adder closely misses you.
You shoot an arrow. The arrow hits the adder.
The adder is heavily wounded.
The bat misses you. x2; The adder bites you.
The bat closely misses you.
You shoot an arrow. The arrow closely misses the adder.
The bat hits you but does no damage. The bat barely misses you.
The adder bites you.
You are poisoned.
The adder poisons you!
You shoot an arrow. The arrow hits the adder.
The adder is almost dead.
You feel sick. The bat hits you. The adder bites you.
The adder completely misses you. Terence closely misses you.
You shoot an arrow. The arrow barely misses the adder.
You feel sick. The bat hits you but does no damage.
The adder bites you but does no damage. The bat closely misses you.
Terence closely misses you. The adder closely misses you.
You shoot an arrow.
The arrow hits the adder but does no damage.
The adder is almost dead.
You feel sick. The bat completely misses you. Terence misses you.
The adder closely misses you.
You shoot an arrow. The arrow hits the adder!
You kill the adder!
You feel sick. The bat barely misses you.
Terence hits you with a +0 short sword.
You shoot an arrow. The arrow closely misses Terence.
You feel sick. The bat hits you.
Terence hits you with a +0 short sword. x2
You die...
Terence says, "That felt goooood."

#.########### ##.....
##.## #..... ##..%## ####
####.....
#.....#####...##.........
#.................####...
#...[......<....#.#####.#
##...###.###.<...........
##### #.# .........# #@#
#######.. .......@b# ###
##..#....# # #.#...
.##.#.# .. ..#.# ## ..#.#
#...#


You could see Terence and a bat.

Vanquished Creatures
  Jessica (D:2)
  An adder (D:2)
  3 dart slugs
  4 ball pythons
  3 endoplasms
  5 hobgoblins
  A quokka (D:2)
  4 bats
  4 frilled lizards (D:1)
  3 goblins
  3 kobolds
  5 rats
37 creatures vanquished.

Notes
Turn   | Place    | Note
-------+----------+-------------------------------------------
     0 | D:1      | qw the Spriggan Hunter began the quest for the Orb.
     0 | D:1      | Reached XP level 1. HP: 10/10 MP: 2/2
     0 | D:1      | 0 ||| qw: Version: 0.3-a-155-g5e7d8dd
     0 | D:1      | 0 ||| qw: Game counter: 1086
     0 | D:1      | 0 ||| qw: Melee chars always use a shield: true
     0 | D:1      | 0 ||| qw: God list: Okawaru
     0 | D:1      | 0 ||| qw: Allow faded altars: false
     0 | D:1      | 0 ||| qw: Do Orc after clearing Dungeon:15 true
     0 | D:1      | 0 ||| qw: Do second Lair branch before Depths: true
     0 | D:1      | 0 ||| qw: Lair rune preference: random
     0 | D:1      | 0 ||| qw: Goals: Normal
     0 | D:1      | 0 ||| PLANNING D:1-11
    23 | D:1      | Reached skill level 3 in Dodging
   110 | D:1      | Reached XP level 2. HP: 14/14 MP: 3/3
   378 | D:1      | 378 ||| READING scroll labelled EJYEF ZOUNEO.
   379 | D:1      | 379 ||| READING scroll labelled ZIREAPYHOP.
   403 | D:1      | 403 ||| READING scroll labelled ZOESOE ECSUKHLY.
   404 | D:1      | 404 ||| DROPPING scroll of butterflies.
   445 | D:2      | Reached XP level 3. HP: 18/18 MP: 4/4
   479 | D:2      | Found a faded altar of an unknown god.
   535 | D:2      | Noticed Jessica
   540 | D:2      | Killed Jessica
   541 | D:2      | Reached skill level 5 in Ranged Weapons
   653 | D:2      | Reached XP level 4. HP: 22/22 MP: 5/5
   654 | D:2      | Noticed Terence
   665 | D:2      | HP: 2/22 [Terence/+0 short sword (4)]
   665 | D:2      | Slain by Terence

Levels and vault maps discovered:
D:1:      wheals_arrival_shading, layout_rooms, nrook_uturn
D:2:      layout_loops_ring, ebering_ecumenical_altar_sacrificial,
          minmay_tetromino_s2, uniq_jessica, uniq_terence, uniq_robin

Skill      XL: |  1  2  3 |
---------------+----------+-----
Dodging        | 3 4 |  4.4
Ranged Weapons | 5 |  5.0
Fighting       | |  1.5
Stealth        | |  1.5

Action                     |  1- 3 |  4- 6 || total
---------------------------+-------+-------++-------
   Fire: Shortbow          |    81 |    11 ||    92
    Use: Scroll            |     3 |       ||     3
 Armour: Robe              |     6 |    13 ||    19
  Dodge: Dodged            |    12 |    19 ||    31

Table legend:
 A = Non-vault XP
 B = Vault XP
 C = Vault XP percentage of total XP
 D = Non-vault monster count
 E = Vault monster count
 F = Vault count percentage of total count
                 A         B        C        D         E       F
            +---------+---------+-------+---------+---------+-------
      Total |      58 |      53 |  47.7 |      34 |       3 |   8.1
            +---------+---------+-------+---------+---------+-------
        D:1 |      35 |       0 |   0.0 |      21 |       0 |   0.0
        D:2 |      23 |      53 |  69.7 |      13 |       3 |  18.8
            +---------+---------+-------+---------+---------+-------
